AoeStats
← King Bili

Lombardia

508029973Analyzed
3v3 RM · 11d ago on Sep 20, 2026· 42m 31s· 6 players
Game mode
Random Map
Map size
Normal (6 player)
Population
200
Speed
Normal
Resources
Standard
Victory
Conquest
Starting age
Dark Age
Ending age
Imperial Age
RankedLock teamsTeams togetherTeam positionsShared explorationLock speedFull tech treeHidden civsTurbo modeCheats
Victory
Defeat
1333
+10
🇩🇪 Wei · Germany
1324
+10
🇩🇪 Teutons · Germany
1015
+23
🇨🇱 Britons · Chile
1219
-16
🇲🇽 Franks · Mexico
1172
-14
🇨🇱 Mongols · Chile
1156
-13
DaN_L
3:43 Loom
11:04 Feudal Age
16:04 Castle Age
14:18 Double-Bit Axe
14:40 Horse Collar
15:54 Gold Mining
16:47 Wheelbarrow
17:41 Bow Saw
17:32 Heavy Plow
24:54 Gold Shaft Mining
25:55 Stone Mining
29:56 Imperial Age
27:27 Fletching
29:34 Bodkin Arrow
29:39 Padded Archer Armor
30:26 Hand Cart
31:57 Chemistry
30:27 Elite Longbowman
32:21 Conscription
32:45 Ballistics
32:48 Warwolf
33:13 Yeomen
32:58 Pikeman
33:39 Squires
33:42 Bracer
33:57 Leather Archer Armor
33:50 Crossbowman
35:23 Halberdier
35:49 Gambesons
35:49 Arson
38:50 Ring Archer Armor
38:20 Scale Mail Armor
38:31 Forging
37:47 Arbalester
40:29 Chain Mail Armor
40:26 Forging
40:37 Man-at-Arms
42:55 Plate Mail Armor
43:00 Iron Casting
King Bili
0:27 Loom
11:57 Feudal Age
12:32 Double-Bit Axe
15:53 Castle Age
18:13 Fletching
22:24 Ballistics
23:31 Husbandry
26:09 Horse Collar
27:28 Wheelbarrow
28:42 Bow Saw
29:53 Heavy Plow
34:53 Imperial Age
32:41 Town Watch
35:40 Bloodlines
34:51 Light Cavalry
35:38 Scale Barding Armor
35:44 Forging
36:07 Drill
36:44 Hand Cart
38:56 Chemistry
39:02 Gold Mining
39:03 Stone Mining
41:06 Heavy Scorpion
ramirezalex13
4:50 Loom
11:15 Feudal Age
16:52 Castle Age
15:38 Double-Bit Axe
19:16 Bow Saw
22:30 Forging
24:19 Iron Casting
28:34 Gold Mining
28:07 Elite Skirmisher
30:55 Town Watch
35:12 Imperial Age
33:24 Wheelbarrow
33:43 Fletching
34:34 Ballistics
34:30 Bodkin Arrow
34:37 Murder Holes
35:42 Gold Shaft Mining
37:46 Chemistry
37:34 Hand Cart
38:31 Light Cavalry
41:27 Cavalier
42:16 Scale Barding Armor
42:35 Chivalry
42:57 Conscription
42:43 Husbandry
Creed
10:47 Feudal Age
14:58 Castle Age
13:39 Double-Bit Axe
13:38 Horse Collar
16:00 Heavy Plow
16:17 Bow Saw
21:17 Stone Mining
23:12 Loom
24:04 Wheelbarrow
29:00 Imperial Age
26:25 Gold Mining
27:44 Forging
27:42 Scale Barding Armor
29:22 Iron Casting
29:13 Chain Barding Armor
29:39 Hand Cart
30:40 Elite Tiger Cavalry
33:07 Blast Furnace
32:38 Crop Rotation
33:22 Ming Guang Armor
33:30 Town Watch
33:59 Tuntian
37:49 Conscription
40:33 Husbandry
40:49 Bloodlines
40:18 Heavy Hei Guang Cavalry
[Sacred Fart] Turk Turkelton
8:38 Loom
11:49 Feudal Age
16:10 Castle Age
14:30 Fletching
14:30 Double-Bit Axe
14:26 Horse Collar
15:35 Padded Archer Armor
15:31 Gold Mining
17:26 Bow Saw
21:01 Wheelbarrow
21:57 Leather Archer Armor
22:46 Bodkin Arrow
24:12 Ballistics
24:02 Town Watch
25:25 Hand Cart
28:28 Heavy Plow
29:04 Gold Shaft Mining
32:50 Imperial Age
32:12 Forging
33:42 Iron Casting
34:39 Chemistry
34:21 Conscription
34:38 Hoardings
35:36 Blast Furnace
35:52 Butalmapu
36:33 Elite Bolas Rider
38:03 Ring Archer Armor
38:23 Elite Kona
41:39 Murder Holes
Beltscharzar
9:35 Loom
11:37 Feudal Age
15:35 Double-Bit Axe
15:32 Horse Collar
20:57 Scale Barding Armor
21:03 Forging
21:09 Gold Mining
21:11 Stone Mining
24:42 Castle Age
25:53 Pikeman
27:17 Iron Casting
27:03 Chain Barding Armor
30:05 Squires
31:56 Wheelbarrow
31:07 Town Watch
32:13 Bloodlines
33:14 Scale Mail Armor
42:28 Imperial Age
40:52 Chain Mail Armor
41:24 Hand Cart
40:57 Town Watch
41:28 Bow Saw
41:21 Heavy Plow
41:59 Stone Shaft Mining
Connection lost

Rejoining the realm…

Still unreachable

The connection could not be restored.

Session expired

The server has moved on; the page needs a fresh start.